 Dungeon Crawl Stone Soup version 0.31-a0-152-g6aa68a64a1 (webtiles) character file.

Game seed: 13363227184804308907

167 qw the Shooter (level 5, 0/49 HPs)
             Began as a Naga Hunter on June 10, 2023.
             Slain by a goblin
             ... wielding a +0 dagger
             ... led by Robin
              (2 damage)
             ... on level 3 of the Dungeon.
             The game lasted 00:00:45 (1567 turns).

qw the Shooter (Naga Hunter)                        Turns: 1567, Time: 00:00:46

Health: 0/49       AC:  4    Str: 19      XL:     5   Next: 48%
Magic:  5/5        EV:  9    Int:  9 (10) God:
Gold:   106        SH:  0    Dex: 15 (16) Spells: 4/4 levels left

rFire   . . .        j - +0 shortbow (heavy)
rCold   . . .        (shield currently unavailable)
rNeg    . . .        c - +0 leather armour
rPois   +            (no helmet)
rElec   .            (no cloak)
rCorr   .            e - +0 pair of gloves
SInv    +            (no barding)
Will    .....        (no amulet)
Stlth   ++           k - +6 ring of strength
HPRegen 0.28/turn    (no ring)
MPRegen 0.09/turn

%: no passive effects
@: about to teleport, short of breath, very slow
A: AC +1, large, see invisible, deformed body, poison resistance, slowness 2,
spit poison 1, naga tail 1
a: Spit Poison


You were on level 3 of the Dungeon.
You visited 1 branch of the dungeon, and saw 3 of its levels.

You collected 106 gold pieces.


Innate Abilities, Weirdness & Mutations

Your serpentine skin is tough. (AC +1)
You have supernaturally acute eyesight. (SInv)
Armour fits poorly on your strangely shaped body.
Your system is resistant to poisons. (rPois)
You cover ground very slowly.
You can spit poison.
You have a snake-like lower body.


   Skills:
 - Level 3.0 Fighting
 + Level 5.6 Ranged Weapons
 - Level 1.5 Dodging
 - Level 1.5 Stealth


You had 4 spell levels left.
You didn't know any spells.
Your spell library was empty.

Inventory:

Hand Weapons
 j - a +0 heavy shortbow (weapon)
Armour
 c - a +0 leather armour (worn)
 e - a +0 pair of gloves (worn)
 m - a +0 helmet
Jewellery
 g - a ring of ice
 k - a +6 ring of strength (left hand)
 n - a ring of wizardry
Scrolls
 f - 2 scrolls of identify
 h - 2 scrolls of teleportation
Potions
 a - a potion of lignification {unknown}
 b - a potion of curing {unknown}
 d - a potion of might {unknown}
 i - a potion of attraction {unknown}
 l - 2 potions of enlightenment {unknown}

Dungeon Overview and Level Annotations

Branches:
Dungeon (3/15)

Altars:
Cheibriados
Dithmenos

Annotations:
D:3 Robin


Message History

The goblin attacks as you move away! The goblin hits you but does no damage.
You have got your breath back.
The goblin hits you with a +0 dagger. The goblin hits you but does no damage.
The goblin barely misses you.
1561 ||| INVOKING Spit Poison.
Aiming: Spit Poison (1% risk of failure)
Press: ? - help, Shift-Dir - straight line, f - goblin The splash of poison misses the goblin.
The goblin hits you with a +0 dagger. The goblin barely misses you. x2
You shoot an arrow. The arrow barely misses the goblin.
The goblin barely misses you. The goblin hits you but does no damage.
The goblin closely misses you.
You shoot an arrow. The arrow closely misses the goblin.
The goblin hits you but does no damage. The goblin barely misses you.
The goblin hits you with a +0 dagger. The goblin completely misses you.
The goblin hits you with a +0 dagger. The goblin hits you with a +0 club.
You shoot an arrow. The arrow barely misses the goblin.
You have got your breath back.
The goblin hits you but does no damage. The goblin barely misses you.
The goblin hits you but does no damage.
The goblin hits you with a +0 dagger. x2
The goblin hits you but does no damage. The goblin misses you.
The goblin hits you with a +0 club. The goblin hits you with a +0 dagger.
The goblin closely misses you.
1565 ||| INVOKING Spit Poison.
Aiming: Spit Poison (1% risk of failure)
Press: ? - help, Shift-Dir - straight line, f/p - goblin The splash of poison hits the goblin!
The goblin is poisoned.
You kill the goblin!
The goblin hits you with a +0 dagger. The goblin barely misses you. x2
The goblin hits you with a +0 club.
You shoot an arrow. The arrow barely misses the goblin.
The goblin hits you with a +0 dagger. The goblin closely misses you.
The goblin barely misses you.
The goblin hits you but does no damage. x2
The goblin hits you with a +0 dagger. x2; The goblin hits you with a +0 club. x3
1567 ||| READING 3 scrolls of teleportation.
As you read the scroll of teleportation, it crumbles to dust.
You feel strangely unstable.
The goblin no longer looks unusually strong.
The goblin hits you with a +0 dagger.
You die...

...# #.....# ...###
##.....# .....##
###..#...# ####..##
#....##### g
#####..####....# .# ..#
##........## ..# ..#
##........# g.#
..###...###...##### ..#
.......## #....g@g#.g#
..###### #....gggg).#
..# ###.....ggg.## ..#
##...........# ..#
##..#.........#
..#####..##...........
.....##.###..(.........
........................
.....#..###.............


You could see Robin, 2 hobgoblins and 6 goblins.

Vanquished Creatures
  Ijyb (D:3)
  4 adders
  3 worms
  6 dart slugs
  2 orcs (D:3)
  7 ball pythons
  5 bats
  9 endoplasms
  4 giant cockroaches
  8 goblins
  2 hobgoblins
  11 jackals
  7 kobolds
  2 quokkas
  2 frilled lizards (D:1)
  5 rats
78 creatures vanquished.

Notes
Turn   | Place    | Note
-------+----------+-------------------------------------------
     0 | D:1      | qw the Naga Hunter began the quest for the Orb.
     0 | D:1      | Reached XP level 1. HP: 19/19 MP: 1/1
     0 | D:1      | 0 ||| qw: Version: 0.2-a-122-gbc61b45
     0 | D:1      | 0 ||| qw: Game counter: 3540
     0 | D:1      | 0 ||| qw: Always use a shield: true
     0 | D:1      | 0 ||| qw: God list: Okawaru
     0 | D:1      | 0 ||| qw: Allow faded altars: false
     0 | D:1      | 0 ||| qw: Do Orc after D:15 true
     0 | D:1      | 0 ||| qw: Do second Lair branch before Depths: true
     0 | D:1      | 0 ||| qw: Lair rune preference: random
     0 | D:1      | 0 ||| qw: Plans: Normal
     0 | D:1      | 0 ||| PLANNING D:1-11
    23 | D:1      | 23 ||| INVOKING Spit Poison.
    24 | D:1      | 24 ||| INVOKING Spit Poison.
    29 | D:1      | 29 ||| INVOKING Spit Poison.
    62 | D:1      | Reached skill level 4 in Ranged Weapons
    62 | D:1      | Reached XP level 2. HP: 26/26 MP: 2/2
    64 | D:1      | 64 ||| INVOKING Spit Poison.
    68 | D:1      | 68 ||| Stepping ~*~*~tactically~*~*~ (outnumbered).
    69 | D:1      | 69 ||| INVOKING Spit Poison.
    70 | D:1      | 70 ||| INVOKING Spit Poison.
   112 | D:1      | 112 ||| INVOKING Spit Poison.
   118 | D:1      | 118 ||| INVOKING Spit Poison.
   139 | D:1      | 139 ||| INVOKING Spit Poison.
   161 | D:1      | 161 ||| INVOKING Spit Poison.
   182 | D:1      | 182 ||| INVOKING Spit Poison.
   228 | D:1      | 228 ||| INVOKING Spit Poison.
   238 | D:1      | 238 ||| INVOKING Spit Poison.
   239 | D:1      | Reached XP level 3. HP: 32/32 MP: 3/3
   279 | D:1      | 279 ||| INVOKING Spit Poison.
   280 | D:1      | 280 ||| INVOKING Spit Poison.
   302 | D:1      | 302 ||| INVOKING Spit Poison.
   364 | D:1      | 364 ||| INVOKING Spit Poison.
   380 | D:1      | 380 ||| INVOKING Spit Poison.
   403 | D:1      | 403 ||| INVOKING Spit Poison.
   406 | D:1      | 406 ||| INVOKING Spit Poison.
   709 | D:1      | 709 ||| UPGRADING to +0 pair of gloves.
   714 | D:1      | 714 ||| UPGRADING to +6 ring of strength.
   715 | D:1      | 715 ||| READING scroll labelled FITIAD SANLOU.
   716 | D:1      | 716 ||| READING scroll labelled OLELUS ACAOKH.
   717 | D:1      | 717 ||| READING 3 scrolls labelled JAQAGG KEMYFUB.
   721 | D:1      | 721 ||| READING scroll labelled ITOAGE ASUAL.
   722 | D:1      | 722 ||| READING scroll labelled JICWOX BALAOG.
   723 | D:1      | 723 ||| DROPPING scroll of butterflies.
   749 | D:2      | 749 ||| INVOKING Spit Poison.
   752 | D:2      | 752 ||| INVOKING Spit Poison.
   755 | D:2      | 755 ||| STAIRDANCE
   757 | D:1      | 757 ||| INVOKING Spit Poison.
   898 | D:2      | 898 ||| INVOKING Spit Poison.
   940 | D:2      | 940 ||| INVOKING Spit Poison.
   945 | D:2      | 945 ||| INVOKING Spit Poison.
  1007 | D:2      | 1007 ||| INVOKING Spit Poison.
  1010 | D:2      | Reached skill level 5 in Ranged Weapons
  1010 | D:2      | Reached XP level 4. HP: 39/39 MP: 4/4
  1010 | D:2      | 1010 ||| INVOKING Spit Poison.
  1013 | D:2      | 1013 ||| INVOKING Spit Poison.
  1016 | D:2      | 1016 ||| INVOKING Spit Poison.
  1020 | D:2      | 1020 ||| INVOKING Spit Poison.
  1023 | D:2      | 1023 ||| READING 2 scrolls labelled SOCIUKL WUUSU.
  1027 | D:2      | 1027 ||| INVOKING Spit Poison.
  1035 | D:2      | 1035 ||| READING scroll labelled ZIORIO CUBESS.
  1036 | D:2      | 1036 ||| DROPPING scroll of immolation.
  1047 | D:2      | 1047 ||| INVOKING Spit Poison.
  1051 | D:2      | 1051 ||| INVOKING Spit Poison.
  1055 | D:2      | 1055 ||| INVOKING Spit Poison.
  1293 | D:2      | 1293 ||| INVOKING Spit Poison.
  1304 | D:2      | 1304 ||| DRINKING 2 cyan potions.
  1305 | D:2      | 1305 ||| DROPPING potion of degeneration.
  1336 | D:3      | 1336 ||| INVOKING Spit Poison.
  1340 | D:3      | 1340 ||| INVOKING Spit Poison.
  1341 | D:3      | Reached skill level 3 in Fighting
  1344 | D:3      | 1344 ||| INVOKING Spit Poison.
  1373 | D:3      | 1373 ||| INVOKING Spit Poison.
  1384 | D:3      | 1384 ||| INVOKING Spit Poison.
  1387 | D:3      | 1387 ||| INVOKING Spit Poison.
  1393 | D:3      | Found a shadowy altar of Dithmenos.
  1402 | D:3      | Noticed Ijyb
  1404 | D:3      | 1404 ||| INVOKING Spit Poison.
  1407 | D:3      | Killed Ijyb
  1408 | D:3      | Reached XP level 5. HP: 49/49 MP: 5/5
  1423 | D:3      | 1423 ||| INVOKING Spit Poison.
  1433 | D:3      | 1433 ||| INVOKING Spit Poison.
  1438 | D:3      | 1438 ||| INVOKING Spit Poison.
  1459 | D:3      | Found a snail-covered altar of Cheibriados.
  1485 | D:3      | 1485 ||| INVOKING Spit Poison.
  1555 | D:3      | Noticed Robin
  1556 | D:3      | 1556 ||| INVOKING Spit Poison.
  1560 | D:3      | 1560 ||| Stepping ~*~*~tactically~*~*~ (outnumbered).
  1561 | D:3      | 1561 ||| INVOKING Spit Poison.
  1565 | D:3      | 1565 ||| INVOKING Spit Poison.
  1566 | D:3      | HP: 10/49 [goblin/+0 dagger[Robin] (5)]
  1566 | D:3      | HP: 3/49 [goblin/+0 club[Robin] (4)]
  1567 | D:3      | 1567 ||| READING 3 scrolls of teleportation.
  1567 | D:3      | Slain by a goblin

Levels and vault maps discovered:
D:1:      psy_arrival_heroes, layout_basic
D:2:      layout_loops_ring, minmay_fractal_squares_5
D:3:      layout_rooms, kennysheep_slug_shrine, lemuel_round_altar,
          nicolae_dithmenos_shadow_blocks, serial_shops, shop,
          item_on_display_a, uniq_robin, uniq_ijyb

Skill      XL: |  1  2  3  4 |
---------------+-------------+-----
Ranged Weapons | 4 5 |  5.6
Fighting       | 3 |  3.0
Dodging        | |  1.5
Stealth        | |  1.5

Action                     |  1- 3 |  4- 6 || total
---------------------------+-------+-------++-------
   Fire: Shortbow          |    55 |    55 ||   110
Ability: Spit Poison       |    24 |    23 ||    47
    Use: Scroll            |     5 |     3 ||     8
         Potion            |       |     1 ||     1
 Armour: Leather armour    |     4 |    23 ||    27
  Dodge: Dodged            |    16 |    32 ||    48

Table legend:
 A = Non-vault XP
 B = Vault XP
 C = Vault XP percentage of total XP
 D = Non-vault monster count
 E = Vault monster count
 F = Vault count percentage of total count
                 A         B        C        D         E       F
            +---------+---------+-------+---------+---------+-------
      Total |     180 |      59 |  24.7 |      68 |      10 |  12.8
            +---------+---------+-------+---------+---------+-------
        D:1 |      61 |       0 |   0.0 |      29 |       0 |   0.0
        D:2 |      59 |      13 |  18.1 |      21 |       4 |  16.0
        D:3 |      60 |      46 |  43.4 |      18 |       6 |  25.0
            +---------+---------+-------+---------+---------+-------
